 Dungeon Sprint DCSS version 0.22.1-1-ga44c0e56f4 (webtiles) character file.

4115 MuseOD the Unseen (level 10, -13/51 (53) HPs)
             Began as a Spriggan Enchanter on Sept 23, 2018.
             Was a Priest of Dithmenos.
             Shot with an arrow by a deep elf master archer (39 damage)
             ... in the Dungeon (Sprint II: "The Violet Keep of Menkaure").
             The game lasted 00:01:44 (528 turns).

MuseOD the Unseen (Spriggan Enchanter)               Turns: 528, Time: 00:01:44

HP:   -13/51 (53)   AC:  2    Str:  4    XL:     10   Next: 6%
MP:   21/27         EV: 18    Int: 20    God:    Dithmenos [***...]
Gold: 810           SH:  0    Dex: 17    Spells: 21/33 levels left

rFire    . . .     SeeInvis +   a - +1 dagger
rCold    . . .     Gourm    .   (shield restricted)
rNeg     . . .     Faith    .   b - +0 robe
rPois    .         Spirit   .   (helmet restricted)
rElec    .         Reflect  .   (no cloak)
rCorr    .         Harm     .   (gloves unavailable)
MR       +....     NoTele   +   (boots unavailable)
Stlth    +++++++++.             (no amulet)
HPRegen  0.17/turn              (no ring)
MPRegen  0.20/turn              (no ring)

@: wreathed by umbra, very quick
A: very small, unfitting armour, see invisible, herbivore, speed 3, slow
metabolism 2
a: Shadow Step, Renounce Religion


You were in the Dungeon.
You worshipped Dithmenos.
Dithmenos was most pleased with you.
You were not hungry.

You visited 1 branch You collected 810 gold pieces.

Inventory:

Hand Weapons
 a - a +1 dagger (weapon)
Armour
 b - a +0 robe (worn)
Scrolls
 c - a scroll of identify {unknown}
 j - a scroll of blinking
Potions
 e - a potion of cancellation {unknown}
 h - 2 potions of magic
Comestibles
 d - a ration


   Skills:
 - Level 6.7 Fighting
 - Level 12.2 Short Blades
 - Level 3.0 Dodging
 + Level 18.7 Stealth
 + Level 12.2 Spellcasting
 + Level 12.3 Hexes


You had 21 spell levels left.
You knew the following spells:

 Your Spells              Type           Power        Failure   Level  Hunger
a - Corona                Hex            ######.      1%          1    None
b - Ensorcelled Hibernat  Hex/Ice        #####.       1%          2    None
c - Confuse               Hex            ######..     1%          3    None
d - Dazzling Spray        Conj/Hex       #####.       1%          3    None
e - Tukima's Dance        Hex            ######..     1%          3    None

Your spell library contained the following spells:

 Spells                   Type           Power        Failure   Level  Hunger


Dungeon Overview and Level Annotations

Branches:
Dungeon (1/1)

Altars:
Cheibriados
Dithmenos
Elyvilon
Fedhas
Gozag
Hepliaklqana
Kikubaaqudgha
Makhleb
Nemelex Xobeh
Okawaru
Qazlal
Ru
Sif Muna
Trog
Uskayaw
Vehumet
Wu Jian
Xom
Yredelemnul
Zin
The Shining One
Beogh
Jiyva
Lugonu


Innate Abilities, Weirdness & Mutations

You are very small and have problems with some larger weapons.
You are too small for most types of armour.
You have supernaturally acute eyesight. (SInv)
You are a herbivore.
You cover ground extremely quickly.
You need to consume almost no food.


Message History

Confirm with . or Enter, or press ? or * to list all spells.
Aiming: Dazzling Spray (safe; 1% risk of failure)
Press: ? - help, Shift-Dir - straight line, f - deep elf master archer
Aim: a deep elf master archer, wearing a leather armour (umbra)
The spray of energy hits the deep elf master archer.
The deep elf master archer is lightly wounded.
The deep elf master archer wields a longbow.
The deep elf master archer shoots an arrow.
The arrow hits you!!
You emit a cloud of dark smoke.
Casting: Dazzling Spray (safe; 1% risk of failure)
Confirm with . or Enter, or press ? or * to list all spells.
Aiming: Dazzling Spray (safe; 1% risk of failure)
Press: ? - help, Shift-Dir - straight line, f/p - deep elf master archer
Aim: a deep elf master archer, wielding a longbow and wearing a leather armour The spray of energy hits the deep elf master archer.
The deep elf master archer is moderately wounded.
The deep elf master archer shoots an arrow.
The arrow hits you!!!
Ouch! That really hurt!
You die...

##++## ##§...###
#e≈§^§..# ####@^..#
#.†'.§.^# ##
##..#.(####.# ##.
.##.####..'.###
#..#..#
...#..#...#### #...#
#..#####..##)# )!$
##÷##
3##..#..'..#..#▓$!![?
##.##3#
#..#[)#^.#††#▓[$?($?
+.<.+$#
+..####..##.#▓??())$


You could see a deep elf master archer.

Vanquished Creatures
  A fire dragon (D)
  2 hell hogs (D)
  A yaktaur (D)
  3 polar bears (D)
  A hornet (D)
  2 hippogriffs (D)
  2 redbacks (D)
  4 necrophages (D)
16 creatures vanquished.

Vanquished Creatures (others)
  Menkaure (D)
  A crocodile (D)
2 creatures vanquished.

Grand Total: 18 creatures vanquished

Notes
Turn   | Place    | Note
-------+----------+-------------------------------------------
     0 | D        | MuseOD the Spriggan Enchanter began the quest for the Orb.
     0 | D        | Reached XP level 1. HP: 9/9 MP: 5/5
     1 | D        | Noticed a neqoxec
     1 | D        | Noticed a neqoxec
     1 | D        | Noticed a neqoxec
     1 | D        | Noticed a neqoxec
     4 | D        | Noticed a necrophage
     4 | D        | Noticed a necrophage
     4 | D        | Noticed a necrophage
     4 | D        | Noticed a necrophage
     9 | D        | Killed a necrophage
     9 | D        | Reached skill level 7 in Stealth
     9 | D        | Reached XP level 2. HP: 16/16 MP: 6/6
     9 | D        | Reached XP level 3. HP: 20/20 MP: 8/8
     9 | D        | Reached XP level 4. HP: 24/24 MP: 9/9
    18 | D        | Killed a necrophage
    18 | D        | Reached skill level 9 in Stealth
    18 | D        | Reached XP level 5. HP: 29/29 MP: 10/10
    32 | D        | Killed a necrophage
    32 | D        | Reached skill level 10 in Stealth
    43 | D        | Killed a crocodile
    82 | D        | Killed a necrophage
    82 | D        | Reached skill level 5 in Fighting
    82 | D        | Reached skill level 10 in Short Blades
    82 | D        | Reached skill level 11 in Stealth
    82 | D        | Reached XP level 6. HP: 6/33 MP: 11/11
    86 | D        | Learned a level 2 spell: Ensorcelled Hibernation
    90 | D        | Learned a level 3 spell: Confuse
   163 | D        | Killed Menkaure
   336 | D        | Noticed a hippogriff
   336 | D        | Noticed a hippogriff
   339 | D        | Killed a hippogriff
   339 | D        | Reached skill level 12 in Stealth
   339 | D        | Reached XP level 7. HP: 38/38 MP: 12/12
   344 | D        | Killed a hippogriff
   377 | D        | Noticed a flying skull
   377 | D        | Noticed a flying skull
   377 | D        | Noticed a flying skull
   377 | D        | Noticed a flying skull
   377 | D        | Noticed a flying skull
   378 | D        | Noticed a flying skull
   378 | D        | Noticed a flying skull
   378 | D        | Noticed a flying skull
   379 | D        | Noticed a flying skull
   379 | D        | Noticed a flying skull
   379 | D        | Noticed a flying skull
   379 | D        | Noticed a flying skull
   386 | D        | Found a glowing golden altar of the Shining One.
   386 | D        | Found an ornate altar of the Wu Jian Council.
   386 | D        | Found a stormy altar of Qazlal.
   387 | D        | Found a shimmering altar of Xom.
   387 | D        | Found a sacrificial altar of Ru.
   388 | D        | Found a basalt altar of Yredelemnul.
   388 | D        | Found a deep blue altar of Sif Muna.
   388 | D        | Found a viscous altar of Jiyva.
   389 | D        | Found a glowing silver altar of Zin.
   389 | D        | Found a bloodstained altar of Trog.
   389 | D        | Found an ancient bone altar of Kikubaaqudgha.
   389 | D        | Found a hazy altar of Hepliaklqana.
   389 | D        | Found a snail-covered altar of Cheibriados.
   390 | D        | Found a hide-covered altar of Uskayaw.
   390 | D        | Found a corrupted altar of Lugonu.
   390 | D        | Found a shadowy altar of Dithmenos.
   390 | D        | Found a roughly hewn altar of Beogh.
   391 | D        | Found a radiant altar of Vehumet.
   391 | D        | Found a burning altar of Makhleb.
   391 | D        | Found a white marble altar of Elyvilon.
   392 | D        | Found a sparkling altar of Nemelex Xobeh.
   392 | D        | Found a blossoming altar of Fedhas.
   394 | D        | Found an iron altar of Okawaru.
   394 | D        | Found an opulent altar of Gozag.
   401 | D        | Became a worshipper of Dithmenos the Shadowed
   406 | D        | Noticed a polar bear
   407 | D        | Noticed a hornet
   408 | D        | Noticed a yaktaur
   412 | D        | Noticed a polar bear
   412 | D        | Noticed a polar bear
   413 | D        | Killed a polar bear
   413 | D        | Reached skill level 13 in Stealth
   413 | D        | Reached skill level 5 in Hexes
   414 | D        | Killed a polar bear
   414 | D        | Reached skill level 14 in Stealth
   414 | D        | Reached skill level 5 in Spellcasting
   414 | D        | Reached XP level 8. HP: 43/43 MP: 12/17
   416 | D        | Killed a hornet
   416 | D        | Reached * piety under Dithmenos
   417 | D        | Killed a polar bear
   417 | D        | Reached skill level 15 in Stealth
   419 | D        | Killed a yaktaur
   435 | D        | Noticed a fire dragon
   438 | D        | Killed a fire dragon
   438 | D        | Reached ** piety under Dithmenos
   438 | D        | Reached skill level 17 in Stealth
   438 | D        | Reached skill level 10 in Spellcasting
   438 | D        | Reached skill level 10 in Hexes
   438 | D        | Reached XP level 9. HP: 47/47 MP: 14/24
   458 | D        | Noticed a deep elf master archer
   461 | D        | Noticed a hell hog
   461 | D        | Noticed a hell hog
   463 | D        | Killed a hell hog
   463 | D        | Reached *** piety under Dithmenos
   463 | D        | Reached skill level 18 in Stealth
   465 | D        | Killed a hell hog
   465 | D        | Reached XP level 10. HP: 51/51 MP: 18/27
   518 | D        | Learned a level 3 spell: Dazzling Spray
   522 | D        | Learned a level 3 spell: Tukima's Dance
   528 | D        | Shot with an arrow by a deep elf master archer

Skill      XL: |  1  2  3  4  5  6  7  8  9 |
---------------+----------------------------+-----
Fighting       | 3 4 5 6 |  6.7
Short Blades   | 6 8 10 11 12 | 12.2
Stealth        | 7 9 11 12 14 17 18 | 18.7
Spellcasting   | 5 10 12 | 12.2
Hexes          | 6 10 12 | 12.3
Dodging        | |  3.0

Action                   |  1- 3 |  4- 6 |  7- 9 | 10-12 || total
-------------------------+-------+-------+-------+-------++-------
Melee: Dagger            |     4 |    69 |    11 |       ||    84
 Cast: Ensorcelled Hiber |       |       |     2 |       ||     2
       Dazzling Spray    |       |       |       |     2 ||     2
  Use: Potion            |     1 |     3 |       |       ||     4
 Stab: Sleeping          |       |     1 |    11 |       ||    12
Armor: Robe              |       |     1 |       |       ||     1
Dodge: Dodged            |     2 |    22 |     4 |       ||    28
